 Dungeon Crawl Stone Soup version 0.20-a0-540-ge6d1839 (console) character file.

72 Lahna the Twirler (level 4, 0/34 HPs)
             Began as a Demonspawn Gladiator on Jan 30, 2017.
             Killed by divine providence
             ... invoked by an orc priest
              (15 damage)
             ... on level 3 of the Dungeon.
             The game lasted 00:04:09 (2126 turns).

Lahna the Twirler (Demonspawn Gladiator)            Turns: 2126, Time: 00:04:09

Health: 0/34       AC:  4    Str: 14    XL:     4   Next: 7%
Magic:  4/4        EV: 13    Int: 10    God:
Gold:   86         SH:  0    Dex: 15    Spells: 3/3 levels left

rFire    . . .     SeeInvis .   a - +0 quarterstaff
rCold    + . .     Gourm    .   b - +0 leather armour
rNeg     . . .     Faith    +   (shield currently unavailable)
rPois    .         Spirit   .   c - +0 helmet
rElec    .         Reflect  .   (no cloak)
rCorr    .         Harm     .   (no gloves)
MR       .....                  (no boots)
Stlth    +.........             q - amulet of faith
Regen    0.2/turn               (no ring)
                                (no ring)

@: no status effects
A: cold resistance 1, rot immunity
a: no special abilities


You were on level 3 of the Dungeon.
You were not hungry.

You visited 1 branch of the dungeon, and saw 3 of its levels.

You collected 86 gold pieces.

Inventory:

Hand Weapons
 a - a +0 quarterstaff (weapon)
Missiles
 d - 3 throwing nets (quivered)
Armour
 b - a +0 leather armour (worn)
 c - a +0 helmet (worn)
Jewellery
 q - an amulet of faith (around neck)
Scrolls
 i - 2 scrolls of remove curse
 k - 2 scrolls of teleportation
 l - a scroll of fear {unknown}
 m - a scroll of blinking
Potions
 e - a potion of berserk rage {unknown}
 h - a potion of lignification {unknown}
 p - a potion of ambrosia {unknown}
 r - a potion of curing {unknown}
 s - a potion of experience {unknown}
Comestibles
 f - 2 bread rations
 g - 8 chunks of flesh
 j - a fruit
 n - a meat ration
 o - a royal jelly


   Skills:
 + Level 2.6 Fighting
 + Level 3.3 Staves
 + Level 2.4 Throwing
 + Level 0.8 Armour
 + Level 3.1 Dodging


You had 3 spell levels left.
You didn't know any spells.

Dungeon Overview and Level Annotations

Branches:
Dungeon (3/15)

Altars:
Uskayaw


Innate Abilities, Weirdness & Mutations

Your flesh is cold resistant. (rC+)
You are immune to rotting.


Message History

The orc priest barely misses you.
You hit the orc priest but do no damage.
The orc priest is severely wounded.
The orc priest calls upon Beogh to heal the orc.
The orc is healed somewhat.
You hit the orc priest but do no damage.
The orc priest is severely wounded.
You closely miss the orc.
The orc is lightly wounded.
The orc priest invokes the aid of Beogh against you.
Beogh smites you! The orc hits you with a hand axe.
* * * LOW HITPOINT WARNING * * *
You hit the orc.
The orc is heavily wounded.
The orc misses you.
You hit the orc.
You kill the orc!
The orc priest mumbles some strange prayers to Beogh against you.
Beogh smites you!
You die...

...........▒
.........▒
........▒
▒....▒.▒
▒.l....▒ ▒..ol▒
▒▒▒▒o▒ ▒o▒
▒▒▒▒▒▒▒▒▒▒@▒
▒..........▒
▒.▒▒▒▒▒▒▒▒▒▒
▒.▒▒▒▒▒▒▒▒▒▒▒▒▒
▒..............
▒▒▒▒▒▒.▒.▒▒▒▒▒▒
▒.▒.▒ ▒.▒.▒
▒÷▒.▒


You could see an orc priest, 2 orcs and a leopard gecko.

Vanquished Creatures
  2 oozes
  A worm (D:2)
  A dart slug (D:2)
  An orc (D:3)
  10 bats
  A giant cockroach (D:2)
  7 goblins
  9 hobgoblins
  7 jackals (D:1)
  8 kobolds
  5 rats
52 creatures vanquished.

Notes
Turn   | Place    | Note
-------+----------+-------------------------------------------
     0 | D:1      | Lahna the Demonspawn Gladiator began the quest for the Orb.
     0 | D:1      | Reached XP level 1. HP: 16/16 MP: 1/1
   408 | D:1      | Gained mutation: You are immune to rotting. [demonic ancestry]
   408 | D:1      | Reached XP level 2. HP: 22/22 MP: 2/2
  1012 | D:1      | Reached XP level 3. HP: 28/28 MP: 3/3
  1671 | D:2      | Found a hide-covered altar of Uskayaw.
  2032 | D:3      | Gained mutation: Your flesh is cold resistant. (rC+) [demonic ancestry]
  2032 | D:3      | Reached XP level 4. HP: 34/34 MP: 4/4
  2126 | D:3      | Killed from afar by an orc priest

Vault maps used:
D:1:      dpeg_arrival_morbid_curiosity
D:2:      eat_drink_and_be_merry_uskayaw
D:3:      grunt_temple_overflow_open, minmay_misc_feat_room,
          grunt_qazlal_sundering, uniq_iyjb

Skill      XL: |  1  2  3 |
---------------+----------+-----
Throwing       | 2 |  2.4
Staves         | 3 |  3.3
Dodging        | 3 |  3.1
Fighting       | |  2.6
Armour         | |  0.8

Action                   |  1- 3 |  4- 6 || total
-------------------------+-------+-------++-------
Melee: Quarterstaff      |   111 |    23 ||   134
  Use: Scroll            |       |     3 ||     3
 Stab: Sleeping          |     4 |       ||     4
  Eat: Chunk             |     4 |       ||     4
Armor: Leather armour    |    47 |     6 ||    53
Dodge: Dodged            |   119 |    14 ||   133
